 Dungeon Crawl Stone Soup version 0.27.1-1-g398f81649c (webtiles) character file.

Game seed: 17483942820394701508

26 Descartes the Ducker (level 2, 0/12 HPs)
             Began as a Felid Transmuter on Sept 11, 2021.
             Frozen to death by an endoplasm (3 damage)
             ... on level 1 of the Dungeon.
             The game lasted 00:02:21 (1377 turns).

Descartes the Ducker (Felid Transmuter)             Turns: 1377, Time: 00:02:22

Health: 0/12       AC:  1    Str:  6    XL:     2   Next: 89%
Magic:  6/6        EV: 17    Int: 14    God:
Gold:   55         SH:  0    Dex: 16    Spells: 4/5 levels left
                                        Lives:  0   Deaths: 0

rFire    . . .     SeeInvis +     - Unarmed
rCold    . . .     Faith    .   (shield unavailable)
rNeg     . . .     Spirit   .   (armour unavailable)
rPois    .         Reflect  .   (helmet unavailable)
rElec    .         Harm     .   (cloak unavailable)
rCorr    .         Rampage  .   (gloves unavailable)
Will     .....                  (boots unavailable)
Stlth    ++........             (no amulet)
HPRegen  0.04/turn              (no ring)
MPRegen  0.10/turn              (no ring)

@: quick
A: very small, claws 1, fangs 3, see invisible, speed 1, shaggy fur 1, stealthy
paws, no weapons or thrown items, no armour, multi-lived
a: no special abilities


You were on level 1 of the Dungeon.
You visited 1 branch of the dungeon, and saw 1 of its levels.

You collected 55 gold pieces.

Inventory:

Scrolls
 b - a scroll of enchant armour {unknown}
Potions
 a - a potion of lignification {unknown}


   Skills:
 - Level 1.0 Fighting
 + Level 3.1 Dodging
 * Level 2.3 Stealth
 - Level 3.0 Unarmed Combat
 - Level 2.0 Spellcasting
 * Level 3.0 Transmutations


You had 4 spell levels left.
You knew the following spells:

 Your Spells              Type           Power      Damage    Failure   Level
a - Beastly Appendage     Tmut           18%        N/A       7%          1

Your spell library contained the following spells:

 Spells                   Type           Power      Damage    Failure   Level
 Wereblood                Tmut           9%         N/A       11%         2
 Spider Form              Tmut/Pois      2%         N/A       36%         3
 Ice Form                 Ice/Tmut       5%         N/A       77%         4


Dungeon Overview and Level Annotations

Branches:
Dungeon (1/15)

Altars:


Innate Abilities, Weirdness & Mutations

You have sharp claws.
You have razor-sharp teeth.
You have supernaturally acute eyesight. (SInv)
You cover ground quickly. (Speed+)
You are covered in fur. (AC +1)
Your paws help you pounce on unaware monsters.
You are incapable of wielding weapons or throwing items.
You cannot wear armour.
You gain extra lives every three experience levels.


Message History

You kill the goblin!
You scratch the rat.
The rat is severely wounded.
The rat bites you.
You scratch the rat.
You kill the rat!
An endoplasm comes into view.
You closely miss the jackal. The jackal completely misses you.
The endoplasm quivers.
You scratch the jackal.
The jackal is heavily wounded.
The jackal misses you. The jackal closely misses you.
You scratch the jackal.
You kill the jackal!
Your Transmutations skill increases to level 3!
Things that are here:
a +0 dagger; a rat corpse A jackal comes into view.
The jackal barks!
You scratch the endoplasm but do no damage.
The endoplasm misses you.
You scratch the endoplasm but do no damage.
The endoplasm misses you.
You scratch the endoplasm.
You bite the endoplasm, but do no damage.
The endoplasm is lightly wounded.
The endoplasm freezes you.
You are frozen.
You scratch the endoplasm.
The endoplasm is moderately wounded.
The endoplasm barely misses you.
Things that are here:
a +0 dagger; a rat corpse An endoplasm comes into view.
The endoplasm quivers.
The endoplasm hits you.
* * * LOW HITPOINT WARNING * * *
The endoplasm freezes you.
You are frozen.
You die...

### #.#
####################.#
#............).......#
#.#.#.##############.#
#.#.#.# #..........#
#####.#.#.# #.#.###..###
#.....#.#.### #@#..##..#
#.###.#.#.# . #.J..##..####
#.##....#.#.#.#h#..##.....#
#.##.####.#.#.#.#####.###.#
#..#.# # #...........# #
###.#.####.###.#J#####.#
#........#.....#.......#
#........#..#....####.###
.........#. #...........#


You could see 2 endoplasms and a jackal.

Vanquished Creatures
  A dart slug (D:1)
  A ball python (D:1)
  3 bats (D:1)
  3 endoplasms (D:1)
  3 giant cockroaches (D:1)
  2 goblins (D:1)
  2 jackals (D:1)
  A quokka (D:1)
  A frilled lizard (D:1)
  4 rats (D:1)
  A bush (D:1)
22 creatures vanquished.

Notes
Turn   | Place    | Note
-------+----------+-------------------------------------------
     0 | D:1      | Descartes the Felid Transmuter began the quest for the Orb.
     0 | D:1      | Reached XP level 1. HP: 9/9 MP: 4/4
   177 | D:1      | Found a faded altar of an unknown god.
   187 | D:1      | Reached skill level 1 in Stealth
   284 | D:1      | Reached XP level 2. HP: 12/12 MP: 6/6
  1377 | D:1      | Frozen to death by an endoplasm

Illustrated notes

Levels and vault maps discovered:
D:1:      dpeg_arrival_brainrot, layout_basic,
          ebering_ecumenical_altar_abandoned, minmay_hedge_maze,
          minmay_heptomino_l4

Skill      XL: |  1  2 |
---------------+-------+-----
Stealth        | 1 2 |  2.3
Dodging        | 3 |  3.1
Transmutations | 3 |  3.0
Fighting       | |  1.0
Unarmed Combat | |  3.0
Spellcasting   | |  2.0

Action                   || total
-------------------------++-------
Melee: Unarmed           ||   214
       Bite              ||    38
       Punch             ||     3
 Stab: Sleeping          ||     3
Armor: Skin              ||     4
Dodge: Dodged            ||    52
